 Dungeon Crawl Stone Soup version 0.27-a0-328-g7f782ed93a (console) character file.

Game seed: 3024201964743686140

505530 nht the Hawkeye (level 23, 226/226 HPs)
             Began as a Minotaur Fighter on Oct 12, 2020.
             Was the Champion of Okawaru.
             Quit the game on level 5 of the Vaults on Feb 11, 2021.
             The game lasted 02:02:57 (53662 turns).

nht the Hawkeye (Minotaur Fighter)                 Turns: 53662, Time: 02:02:58

Health: 226/226    AC: 40    Str: 27    XL:     23   Next: 83%
Magic:  31/31      EV: 20    Int:  9    God:    Okawaru [******]
Gold:   3138       SH: 21    Dex: 16    Spells: 22/22 levels left

rFire    + + .     SeeInvis .   a - +9 double sword (vorpal)
rCold    . . .     Faith    .   c - +2 kite shield
rNeg     + . .     Spirit   +   O - +17 plate armour of Submission {rElec rC- Regen+}
rPois    .         Reflect  +   e - +2 hat of the Bear Spirit {Spirit, +Rage rN+ Will++}
rElec    +         Harm     .   D - scarf {rC+ rF+}
rCorr    .         Rampage  .   n - +2 pair of gloves {archery}
Will     +++++                  S - +0 pair of boots of Integrity {rElec}
Stlth    +++.......             s - amulet of Kunizim {Reflect Will+ SH+5}
HPRegen  0.87/turn              y - ring "Gikeonif" {Will+ Int+2}
MPRegen  0.22/turn              p - ring "Jaohoq" {rElec rF+ EV+4 Int+2 Stlth+}

@: no status effects
A: retaliatory headbutt, hooves 1, horns 2, robust 1, strong 1, subdued magic 1
}: 3/15 runes: serpentine, barnacled, silver
a: Renounce Religion, Evoke Berserk Rage, Heroism, Finesse


You were on level 5 of the Vaults.
You worshipped Okawaru.
Okawaru was exalted by your worship.
You visited 8 branches of the dungeon, and saw 40 of its levels.
You visited 1 bazaar.
You also visited: Gauntlet, Ice Cave and Desolation.

You collected 6025 gold pieces.
You spent 2887 gold pieces at shops.

Inventory:

Hand Weapons
 a - a +9 vorpal double sword (weapon)
 b - a +3 quick blade
Missiles
 g - 9 silver boomerangs (quivered)
 r - 9 curare-tipped darts
 x - 13 datura-tipped darts
 B - 99 javelins
 C - 22 silver javelins
 L - 44 atropa-tipped darts
 M - 4 throwing nets
 V - 4 boomerangs of dispersal
 Y - 29 boomerangs
Armour
 c - a +2 kite shield (worn)
 e - the +2 hat of the Bear Spirit (worn) {Spirit, +Rage rN+ Will++}
   (You found it on level 3 of the Elven Halls)

   It protects you from negative energy.
   It affects your willpower, your defense against some magical effects.
   It lets you go berserk.
 f - the +0 cloak of Time Monsters {-Cast Will+ Regen+ Dex+3}
   (You found it in a Gauntlet)

   It affects your dexterity (+3).
   It affects your willpower, your defense against some magical effects.
   It prevents spellcasting.
   It increases your rate of regeneration.
 h - a scarf of invisibility
 n - a +2 pair of gloves of archery (worn)
 D - a scarf of resistance (worn)
 O - the +17 plate armour of Submission (worn) {rElec rC- Regen+}
   (You found it on level 4 of the Shoals)

   It makes you vulnerable to cold.
   It insulates you from electricity.
   It increases your rate of regeneration.
 S - the +0 pair of boots of Integrity (worn) {rElec}
   (Okawaru gifted it to you on level 3 of the Snake Pit)

   It insulates you from electricity.
 W - the +7 plate armour "Nitwuveg" {rF+ rC+ Str+4}
   (You found it on level 4 of the Shoals)

   It affects your strength (+4).
   It protects you from fire.
   It protects you from cold.
Jewellery
 p - the ring "Jaohoq" (right hand) {rElec rF+ EV+4 Int+2 Stlth+}
   (You found it in the Desolation of Salt)

   [ring of evasion]

   It affects your evasion (+4).
   It affects your intelligence (+2).
   It protects you from fire.
   It insulates you from electricity.
   It makes you more stealthy.
 s - the amulet of Kunizim (around neck) {Reflect Will+ SH+5}
   (You found it on level 4 of the Snake Pit)

   [amulet of reflection]

   It shields you and reflects attacks.
   It affects your willpower, your defense against some magical effects.
   It affects your SH (+5).
 v - a ring of protection from fire
 w - the ring "Ethriyto" {rPois EV+4 Int+3}
   (You took it off a vault sentinel on level 5 of the Vaults)

   [ring of evasion]

   It affects your evasion (+4).
   It affects your intelligence (+3).
   It protects you from poison.
 y - the ring "Gikeonif" (left hand) {Will+ Int+2}
   (You found it on level 15 of the Dungeon)

   [ring of willpower]

   It affects your intelligence (+2).
   It affects your willpower, your defense against some magical effects.
 T - a ring of resist corrosion
Wands
 z - a wand of digging (13)
 X - a wand of mindburst (65)
Scrolls
 j - 6 scrolls of blinking
 l - 24 scrolls of removedness
 m - 4 scrolls of enchant weapon
 q - 16 scrolls of enchant armour
 E - 9 scrolls of fear
 G - 6 scrolls of identify
 H - 20 scrolls of teleportation
 I - 5 scrolls of fog
 Q - 2 scrolls of holy word
 R - 6 scrolls of immolation
 U - 11 scrolls of magic mapping
Potions
 d - 5 potions of might
 i - 24 potions of curing
 k - 7 potions of haste
 o - 5 potions of flight
 t - 13 potions of heal wounds
 u - 10 potions of cancellation
 A - 6 potions of attraction
 J - 6 potions of lignification
 N - 5 potions of resistance
 Z - 7 potions of mutation
Miscellaneous
 F - a tin of tremorstones (2/2)
 K - a phantom mirror


   Skills:
 + Level 17.2 Fighting
 - Level 16.5 Long Blades
 * Level 26.0 Throwing
 + Level 13.1 Armour
 - Level 15.0 Dodging
 - Level 15.2 Stealth
 + Level 14.2 Shields
 + Level 12.3 Invocations
 - Level 10.4 Evocations


You had 22 spell levels left.
You didn't know any spells.
Your spell library contained the following spells:

 Spells                   Type           Power        Failure   Level
 Apportation              Tloc           0%           96%         1
 Beastly Appendage        Tmut           0%           96%         1
 Corona                   Hex            0%           96%         1
 Foxfire                  Conj/Fire      0%           96%         1
 Freeze                   Ice            0%           96%         1
 Magic Dart               Conj           0%           96%         1
 Sandblast                Erth           0%           96%         1
 Shock                    Conj/Air       0%           96%         1
 Sting                    Tmut/Pois      0%           96%         1
 Summon Small Mammal      Summ           0%           96%         1
 Blink                    Tloc           N/A          99%         2
 Call Imp                 Summ           0%           99%         2
 Ensorcelled Hibernation  Hex/Ice        0%           99%         2
 Passwall                 Tmut/Erth      0%           99%         2
 Poisonous Vapours        Pois/Air       0%           99%         2
 Slow                     Hex            0%           99%         2
 Sublimation of Blood     Necr           0%           99%         2
 Swiftness                Air            0%           99%         2
 Wereblood                Tmut           0%           99%         2
 Confusing Touch          Hex            0%           100%        3
 Conjure Flame            Conj/Fire      0%           100%        3
 Dazzling Flash           Conj/Hex       0%           100%        3
 Frozen Ramparts          Ice            0%           100%        3
 Gell's Gravitas          Tloc           0%           100%        3
 Ignite Poison            Fire/Tmut/Pois 0%           100%        3
 Inner Flame              Hex/Fire       0%           100%        3
 Lesser Beckoning         Tloc           0%           100%        3
 Mephitic Cloud           Conj/Pois/Air  0%           100%        3
 Ozocubu's Armour         Ice            0%           100%        3
 Portal Projectile        Hex/Tloc       0%           100%        3
 Spider Form              Tmut/Pois      0%           100%        3
 Static Discharge         Conj/Air       0%           100%        3
 Teleport Other           Tloc           0%           100%        3
 Tukima's Dance           Hex            0%           100%        3
 Airstrike                Air            0%           100%        4
 Hailstorm                Conj/Ice       0%           100%        4
 Ice Form                 Ice/Tmut       0%           100%        4
 Olgreb's Toxic Radiance  Pois           0%           100%        4
 Passage of Golubria      Tloc           N/A          100%        4
 Petrify                  Tmut/Erth      0%           100%        4
 Sticky Flame             Conj/Fire      0%           100%        4
 Summon Ice Beast         Ice/Summ       0%           100%        4
 Summon Lightning Spire   Summ/Air       0%           100%        4
 Alistair's Intoxication  Tmut/Pois      0%           100%        5
 Blade Hands              Tmut           0%           100%        5
 Bolt of Magma            Conj/Fire/Erth 0%           100%        5
 Borgnjor's Vile Clutch   Necr/Erth      0%           100%        5
 Fireball                 Conj/Fire      0%           100%        5
 Irradiate                Conj/Tmut      0%           100%        5
 Lee's Rapid Deconstruct  Erth           0%           100%        5
 Lightning Bolt           Conj/Air       0%           100%        5
 Metabolic Englaciation   Hex/Ice        0%           100%        5
 Silence                  Hex/Air        0%           100%        5
 Summon Demon             Summ           0%           100%        5
 Summon Forest            Summ/Tloc      0%           100%        5
 Summon Mana Viper        Hex/Summ       0%           100%        5
 Conjure Ball Lightning   Conj/Air       0%           100%        6
 Dispersal                Tloc           0%           100%        6
 Eringya's Noxious Bog    Tmut/Pois      0%           100%        6
 Freezing Cloud           Conj/Ice/Air   0%           100%        6
 Invisibility             Hex            0%           100%        6
 Iron Shot                Conj/Erth      0%           100%        6
 Shadow Creatures         Summ           N/A          100%        6
 Simulacrum               Ice/Necr       0%           100%        6
 Statue Form              Tmut/Erth      0%           100%        6
 Ozocubu's Refrigeration  Ice            0%           100%        7
 Summon Hydra             Summ           0%           100%        7
 Disjunction              Tloc           0%           100%        8
 Shatter                  Erth           0%           100%        9
 Tornado                  Air            0%           100%        9


Dungeon Overview and Level Annotations

Branches:
Dungeon (15/15)            Temple (1/1) D:6            Lair (6/6) D:11
 Shoals (4/4) Lair:2        Snake (4/4) Lair:2        Slime (0/5) Lair:6
    Orc (2/2) D:11            Elf (3/3) Orc:2        Vaults (5/5) D:13
  Crypt (0/3) Vaults:2     Depths (0/5) D:15          IceCv (visited)
Desolation (visited)      Gauntlet (visited)

Altars:
Ashenzari
Cheibriados
Dithmenos
Elyvilon
Fedhas
Gozag
Hepliaklqana
Kikubaaqudgha
Makhleb
Nemelex Xobeh
Okawaru
Qazlal
Ru
Sif Muna
Trog
Uskayaw
Vehumet
Wu Jian
Xom
Yredelemnul
Zin
The Shining One
Jiyva

Shops:
D:6 *   D:10 *   Orc:2 *((*   Elf:2 :[*=[   Shoals:4 :   Snake:4 =!
Vaults:1 (

Portals:
Trove: Elf:3 (give 14 potions of heal wounds)


Innate Abilities, Weirdness & Mutations

You reflexively headbutt those who attack you in melee.
You have a pair of horns on your head.
You have large cloven feet.
You are robust. (+10% HP)
Your muscles are strong. (Str +2)
Your spells are a little easier to cast, but a little less powerful.


Message History

Items here: ( )) [.
Found a scale mail.
Found a chain mail.
You see here a scale mail.
You see here a chain mail.
Done exploring.
Done exploring.
Search for what [Enter for "."]? .
You see here an uncursed ring of flight.
Things that are here:
a cursed -1 arbalest; a +0 dagger of draining; 15 bolts You see here 26 stones.
You see here a tin of tremorstones (3/3).
You see here a staff of poison.
You see here a runed chain mail.
You see here a brightly glowing scale mail.
As you read the scroll of identify, it crumbles to dust. the cursed +1 scale mail of Grottiness {+Fly rC+++ Str+5 Dex-5} Search for what [Enter for "."]? .
Search for what [Enter for "."]? misc You see here a runed chain mail.
You see here a staff of poison.
You see here a tin of tremorstones (3/3).
You can't carry that many items.
Drop what? 52/52 slots (_ for help) (? for menu, Esc to quit)
You drop a wand of polymorph (9).
You drop a wand of flame (12).
F - a tin of tremorstones (3/3) Search for what [Enter for "misc", or ? for help]?
Save game and exit?
Welcome back, nht the Minotaur Fighter.
Okawaru says: Bring me glory in combat!
Press ? for a list of commands and other information.
Are you sure you want to abandon this character and quit the game? (Confirm with "yes".)

█....................██...█..█
█..................)=....██..█
█........██.....██......███..█
█.....████.......████...███..█
█....██.............██...██..█
█)..██...............██..██..█
█)..█....█████████....█..██..█
█..██..███..[....███..██.)█..█
█.....██.)..[[.|@(.██..█..█..█
█.....█..).|.))..|.....█.)█..█
█.....██.[:())|[(..██..█.(█..█
█.)██..███../.)..███..██.(█..█
██))█....██.....██....█..██..█
██..██...(^..........██..██..█
██.).██.............██.).██..█
███...████.......████...███..█
███......█████████......███..█


There were no monsters in sight!

Vanquished Creatures
  Bai Suzhen (Shoals:4)
  Saint Roka (Vaults:4)
  A caustic shrike (shapeshifter) (Vaults:5)
  A golden dragon (Vaults:5)
  2 tentacled monstrosities (Vaults:5)
  A lich (Vaults:5)
  3 titans (Vaults:5)
  A quicksilver dragon (Vaults:5)
  2 deep elf master archers (Elf:3)
  Asterion (Elf:3)
  A deep elf blademaster (Elf:3)
  Frances (Shoals:2)
  Gastronok (D:9)
  4 shadow dragons (Vaults:5)
  2 sphinxes
  A kraken (Shoals:1)
  A storm dragon (Vaults:5)
  Donald (Snake:3)
  4 tengu reavers
  The ghost of Volyx Repu the Warrior, a journeyman MiFi of Makhleb (Snake:2)
  8 nagarajas
  9 deep elf sorcerers
  An iron dragon (Vaults:5)
  5 frost giants
  3 fire giants
  The ghost of Imazafih the Geomancer, an adept GrEE of Vehumet (Shoals:1)
  2 imperial myrmidons (Desolation)
  15 vault wardens
  6 deep elf elementalists (Elf:3)
  Aizul (Snake:3)
  5 war gargoyles
  8 stone giants
  7 very ugly things
  14 ironheart preservers
  The ghost of Apogee the Grappler, a journeyman DrTm of Okawaru (Lair:6)
  11 deep elf demonologists
  Azrael (Elf:1)
  3 halazid warlocks (Desolation)
  2 entropy weavers (Vaults:3)
  A minotaur (Gauntlet)
  5 deep elf annihilators
  8 deep elf death magi
  Snorg (D:13)
  2 crystal guardians (Desolation)
  5 ettins
  4 merfolk javelineers
  14 yaktaur captains
  2 fire dragons
  7 merfolk impalers
  6 deep elf high priests
  10 ogre magi
  8 ragged hierophants (Desolation)
  20 naga warriors
  9 hydras
  39 vault guards
  8 servants of whispers (Desolation)
  3 great orbs of eyes
  6 peacekeepers (Desolation)
  4 catoblepae
  18 anacondas
  7 centaur warriors
  6 merfolk avatars
  30 two-headed ogres
  A deep troll shaman (Vaults:4)
  4 death knights
  2 alligator snapping turtles (Shoals:4)
  2 satyrs
  30 dancing weapons
  2 tengu warriors (D:15)
  19 death yaks
  5 merfolk aquamancers
  An orc high priest (Elf:1)
  10 shock serpents
  A deep troll earth mage (Vaults:4)
  30 deep elf knights
  16 naga sharpshooters
  6 salamander mystics
  A shadow wraith (Vaults:5)
  14 sea snakes
  A death drake (Gauntlet)
  A golden dragon zombie (Vaults:5)
  10 naga ritualists
  A death drake (shapeshifter) (Vaults:5)
  6 unseen horrors
  A glowing orange brain (shapeshifter) (Vaults:5)
  18 deep trolls
  A glowing orange brain (Vaults:2)
  9 skeletal warriors
  2 flayed ghosts
  2 wizards (Elf:1)
  An orb spider (shapeshifter) (Vaults:5)
  16 deep elf archers
  16 mana vipers
  15 ironbrand convokers
  7 orc knights
  12 harpies
  A wolf spider zombie (Gauntlet)
  4 phantasmal warriors
  3 necromancers
  4 lindwurms (Snake:4)
  The ghost of Irenicus the Geomancer, a novice DDEE of Makhleb (D:6)
  3 wolf spiders
  71 deep elf pyromancers
  A tengu skeleton (Vaults:5)
  37 ugly things
  10 salamanders
  11 fauns
  2 orc sorcerers
  An oklob plant (Lair:5)
  A wolf spider (shapeshifter) (D:13)
  A human zombie (Vaults:5)
  12 cyclopes
  10 manticores
  A stone giant skeleton (Vaults:5)
  16 guardian serpents
  An ice statue (IceCv)
  A stone giant zombie (Vaults:5)
  43 black mambas
  Maurice (D:13)
  A spectral centaur (Gauntlet)
  Joseph (D:7)
  7 merfolk sirens
  A guardian serpent (shapeshifter) (Vaults:5)
  A fire giant skeleton (Vaults:3)
  2 molten gargoyles (Desolation)
  11 vault sentinels
  A cane toad (shapeshifter) (Vaults:1)
  25 naga magi
  7 water nymphs
  2 centaur skeletons (D:13)
  2 gargoyles
  3 rime drakes
  10 cane toads
  6 freezing wraiths
  49 yaktaurs
  7 komodo dragons
  An efreet (D:13)
  An ice devil (Gauntlet)
  A queen bee (shapeshifter) (Elf:1)
  10 trolls
  18 polar bears
  6 wind drakes
  3 jumping spiders (shapeshifter)
  25 merfolk
  3 hornets
  Prince Ribbit (D:5)
  14 blink frogs
  A meliai (shapeshifter) (Vaults:2)
  52 saltlings (Desolation)
  30 slime creatures
  A dream sheep (shapeshifter) (D:15)
  9 snapping turtles
  9 removed hippogriffs
  A frost giant simulacrum (Vaults:5)
  8 dream sheep (Lair:6)
  An air elemental (Elf:3)
  4 redbacks (Vaults:3)
  A centaur simulacrum (D:14)
  A shadow (D:11)
  85 yaks
  2 vampires
  3 wyverns
  12 water elementals
  6 wraiths
  Eustachio (D:6)
  A yak (shapeshifter) (D:14)
  5 fire elementals (Elf:1)
  2 human simulacra (Vaults:3)
  7 basilisks
  A neqoxec (Gauntlet)
  A chaos spawn (Gauntlet)
  9 wargs
  A soldier ant (D:14)
  48 nagas
  4 acid dragons
  14 water moccasins
  10 removed porcupines
  Duvessa (D:5)
  2 hell hounds (Elf:1)
  4 sky beasts
  24 orc warriors
  7 ice beasts
  31 ogres
  2 phantoms
  3 boggarts (Vaults:2)
  18 wolves
  5 centaurs
  2 human skeletons
  10 removed crocodiles
  16 bullfrogs
  2 wyvern zombies
  Dowan (D:5)
  A glowing shapeshifter simulacrum (Vaults:2)
  3 earth elementals
  A water moccasin zombie (D:9)
  8 scorpions
  16 killer bees
  14 wights
  2 jellies
  5 howler monkeys
  6 electric eels
  4 centaur zombies
  2 quasits
  A bullfrog zombie (D:9)
  26 orc wizards
  2 yaktaur simulacra
  A gnoll shaman (D:9)
  14 orc priests
  3 bullfrog skeletons
  6 hounds
  4 iguanas
  9 worker ants
  A killer bee zombie (D:7)
  A hound skeleton (D:8)
  2 worker ant zombies
  22 adders
  7 gnolls
  2 shadow imps
  6 white imps
  3 ufetubi
  An ooze (D:3)
  3 adder skeletons (D:9)
  2 worms
  A dart slug (D:1)
  5 leopard geckos
  105 orcs
  6 ball pythons
  8 bats
  2 giant cockroaches
  4 goblins
  2 hobgoblins
  6 jackals
  3 kobolds
  5 quokkas
  5 frilled lizards
  A jackal zombie (D:5)
  A leopard gecko skeleton (D:4)
  4 quokka skeletons
  A quokka zombie (D:6)
  8 rats
  A bush (Lair:5)
1879 creatures vanquished.

Vanquished Creatures (collateral kills)
  A hydra (Lair:1)
  A death yak (Lair:6)
  A deep elf pyromancer (Elf:1)
  A torpor snail (Lair:5)
  A merfolk (Shoals:3)
  2 yaks (Lair:6)
  An ogre (Orc:2)
  A boggart (Elf:1)
  2 adders (Lair:2)
11 creatures vanquished.

Vanquished Creatures (others)
  An ironheart preserver (Vaults:4)
  A deep elf annihilator (Elf:3)
  3 deep elf knights
  A deep elf archer (Elf:2)
  2 deep elf pyromancers (Elf:2)
  A polar bear (IceCv)
  A troll (Orc:2)
  2 yaks (Lair:6)
  4 ogres
  5 wolves
  An orc wizard (Vaults:5)
  15 fungi
  74 plants
  8 tentacles (Shoals:1)
119 creatures vanquished.

Grand Total: 2009 creatures vanquished

Notes
Turn   | Place    | Note
-------+----------+-------------------------------------------
     0 | D:1      | nht the Minotaur Fighter began the quest for the Orb.
     0 | D:1      | Reached XP level 1. HP: 19/19 MP: 0/0
     1 | D:1      | Found a glowing silver altar of Zin.
   148 | D:1      | Reached XP level 2. HP: 17/26 MP: 1/1
   692 | D:2      | Reached XP level 3. HP: 23/31 MP: 2/2
   842 | D:2      | Reached skill level 5 in Long Blades
   843 | D:2      | Reached XP level 4. HP: 29/39 MP: 3/3
  1407 | D:3      | Reached XP level 5. HP: 45/45 MP: 4/4
  1536 | D:3      | Found a faded altar of an unknown god.
  1782 | D:3      | Reached XP level 6. HP: 51/51 MP: 5/5
  2005 | D:3      | Found a faded altar of an unknown god.
  2005 | D:3      | Found a shimmering blue altar of Sif Muna.
  2010 | D:3      | Found a broken altar of Ashenzari.
  2012 | D:3      | Found a faded altar of an unknown god.
  2013 | D:3      | Found a bloodstained altar of Trog.
  2329 | D:4      | Got an ivory short sword
  2330 | D:4      | Identified the +1 short sword of Lumuliag {vorpal, +Blink
                  | rElec Int-3} (You found it on level 4 of the Dungeon)
  2578 | D:4      | Reached XP level 7. HP: 57/57 MP: 6/6
  2908 | D:4      | Reached skill level 10 in Long Blades
  3820 | D:5      | Entered Level 5 of the Dungeon
  3981 | D:5      | Reached XP level 8. HP: 24/64 MP: 3/7
  4118 | D:5      | Noticed Dowan
  4121 | D:5      | Noticed Duvessa
  4136 | D:5      | Killed Duvessa
  4160 | D:5      | Killed Dowan
  4253 | D:5      | Noticed Prince Ribbit
  4263 | D:5      | Killed Prince Ribbit
  5306 | D:6      | Reached XP level 9. HP: 63/70 MP: 6/8
  5406 | D:6      | Noticed Eustachio
  5441 | D:6      | Killed Eustachio
  5449 | D:6      | Found a runed translucent door.
  5450 | D:6      | Noticed Irenicus's ghost (novice DDEE)
  5704 | D:6      | Found Kodiwok's General Store.
  5711 | D:6      | Bought a scroll of identify for 20 gold pieces
  5711 | D:6      | Bought a scroll of enchant armour for 75 gold pieces
  5765 | D:6      | Found a staircase to the Ecumenical Temple.
  5779 | Temple   | Entered the Ecumenical Temple
  5786 | Temple   | Became a worshipper of Warmaster Okawaru
  6281 | D:6      | Killed Irenicus's ghost
  6281 | D:6      | Reached skill level 1 in Throwing
  6281 | D:6      | Reached skill level 1 in Invocations
  6285 | D:6      | Reached skill level 2 in Throwing
  6584 | D:7      | Noticed Joseph
  6594 | D:7      | Found an opulent altar of Gozag.
  6600 | D:7      | Killed Joseph
  6600 | D:7      | Reached skill level 5 in Fighting
  6600 | D:7      | Reached skill level 5 in Armour
  6922 | D:7      | Reached * piety under Okawaru
  7080 | D:8      | Reached skill level 3 in Throwing
  7089 | D:8      | Reached XP level 10. HP: 81/81 MP: 11/11
  7240 | D:7      | Gained mutation: You are robust. (+10% HP) [potion of
                  | mutation]
  7240 | D:7      | Gained mutation: Your spells are a little easier to cast,
                  | but a little less powerful. [potion of mutation]
  7240 | D:7      | Gained mutation: You evolve. [potion of mutation]
  7240 | D:7      | Gained mutation: Your muscles are strong. (Str +2) [potion
                  | of mutation]
  7261 | D:7      | Gained mutation: You have large cloven feet. [evolution]
  7261 | D:7      | Lost mutation: You evolve. [end of evolution]
  8030 | D:8      | Reached ** piety under Okawaru
  8159 | D:8      | Reached skill level 4 in Throwing
  8193 | D:8      | Noticed a cyclops
  8211 | D:8      | Killed a cyclops
  8802 | D:9      | Found a stormy altar of Qazlal.
  8939 | D:9      | Reached *** piety under Okawaru
  9281 | D:9      | Reached skill level 5 in Throwing
  9281 | D:9      | Reached skill level 5 in Invocations
  9378 | D:9      | Noticed a centaur warrior
  9391 | D:9      | Found a stormy altar of Qazlal.
  9395 | D:9      | Killed a centaur warrior
  9395 | D:9      | Reached **** piety under Okawaru
  9422 | D:9      | Noticed Gastronok
  9465 | D:9      | Reached XP level 11. HP: 31/103 MP: 3/14
  9466 | D:9      | Killed an unseen horror
  9756 | D:9      | Killed Gastronok
  9756 | D:9      | Received a gift from Okawaru
  9756 | D:9      | Reached skill level 6 in Throwing
  9953 | D:9      | Noticed a two-headed ogre
  9966 | D:9      | Killed a two-headed ogre
  9966 | D:9      | Reached ***** piety under Okawaru
 10705 | D:9      | Found a snail-covered altar of Cheibriados.
 10817 | D:10     | Entered Level 10 of the Dungeon
 10923 | D:10     | Found Kedof's Assorted Antiques.
 10931 | D:10     | Bought a pink potion for 19 gold pieces
 10931 | D:10     | Bought a potion of stabbing for 88 gold pieces
 10931 | D:10     | Bought a scroll of teleportation for 66 gold pieces
 10931 | D:10     | Bought a scroll of teleportation for 66 gold pieces
 10931 | D:10     | Bought a scroll of fog for 44 gold pieces
 10931 | D:10     | Bought 2 potions of heal wounds for 220 gold pieces
 10931 | D:10     | Bought a sedimented brown potion for 19 gold pieces
 11532 | D:11     | Found a staircase to the Lair.
 11553 | D:11     | Received a gift from Okawaru
 11572 | D:11     | Found a staircase to the Orcish Mines.
 11789 | D:11     | Reached skill level 7 in Throwing
 11894 | D:11     | Found a blossoming altar of Fedhas.
 12557 | Lair:1   | Entered Level 1 of the Lair of Beasts
 12745 | Lair:1   | Reached XP level 12. HP: 115/115 MP: 16/16
 12759 | Lair:1   | Noticed a five-headed hydra
 12769 | Lair:1   | Killed a five-headed hydra
 12769 | Lair:1   | Received a gift from Okawaru
 12770 | Lair:1   | Reached skill level 8 in Throwing
 12959 | Lair:1   | Received a gift from Okawaru
 13245 | Lair:2   | Found a staircase to the Snake Pit.
 13517 | Lair:2   | Received a gift from Okawaru
 13563 | Lair:2   | Reached ****** piety under Okawaru
 13893 | Lair:2   | Reached skill level 9 in Throwing
 14028 | Lair:2   | Received a gift from Okawaru
 14474 | Lair:2   | Found a staircase to the Shoals.
 14851 | Lair:3   | Received a gift from Okawaru
 14998 | Lair:3   | Found a frozen archway.
 15005 | IceCv    | Entered an ice cave
 15104 | IceCv    | Reached skill level 10 in Invocations
 15107 | IceCv    | Reached skill level 10 in Throwing
 16011 | IceCv    | Received a gift from Okawaru
 16244 | IceCv    | Reached XP level 13. HP: 91/122 MP: 16/20
 16432 | IceCv    | Noticed a frost giant
 16439 | IceCv    | Killed a frost giant
 16442 | IceCv    | Reached skill level 11 in Throwing
 18825 | Lair:5   | Found a gate leading to a gauntlet.
 18828 | Lair:5   | Received a gift from Okawaru
 18834 | Gauntlet | Entered a Gauntlet
 18834 | Gauntlet | Found a transporter.
 18834 | Gauntlet | Found a transporter.
 18837 | Gauntlet | Found a transporter.
 18857 | Gauntlet | Found a transporter.
 18869 | Gauntlet | Found a transporter.
 18870 | Gauntlet | Found a transporter.
 18879 | Gauntlet | Noticed a balrug
 18880 | Gauntlet | Found a transporter.
 18899 | Gauntlet | Found a transporter.
 18913 | Gauntlet | Found a transporter.
 18916 | Gauntlet | Found a transporter.
 18927 | Gauntlet | Found a transporter.
 18928 | Gauntlet | Found a transporter.
 19133 | Gauntlet | Received a gift from Okawaru
 19142 | Gauntlet | Got a dazzling cloak
 19163 | Gauntlet | Identified the cursed +0 cloak of Time Monsters {-Cast MR+
                  | Regen+ Dex+3} (You found it in a Gauntlet)
 19180 | Gauntlet | Noticed a minotaur
 19194 | Gauntlet | Killed a minotaur
 19194 | Gauntlet | Reached skill level 12 in Throwing
 19249 | Lair:5   | Received a gift from Okawaru
 19252 | Lair:5   | Got a shimmering great sword {god gift}
 19258 | Lair:5   | Identified the +6 great sword of Meema {freeze, Str+4}
                  | (Okawaru gifted it to you on level 5 of the Lair of Beasts)
 19412 | Lair:5   | Found an opulent altar of Gozag.
 19714 | Lair:5   | Reached skill level 10 in Fighting
 20372 | Lair:6   | Entered Level 6 of the Lair of Beasts
 20375 | Lair:6   | Reached skill level 15 in Long Blades
 20564 | Lair:6   | Reached XP level 14. HP: 134/134 MP: 22/22
 20571 | Lair:6   | Received a gift from Okawaru
 20588 | Lair:6   | HP: 2/134 [death yak (11)]
 20593 | Lair:6   | HP: 3/134 [yak (2)]
 21013 | Lair:6   | Reached skill level 13 in Throwing
 21127 | Lair:6   | Received a gift from Okawaru
 21339 | Lair:6   | Identified the Handbook of Earthen Dislocation
 21501 | Lair:6   | Found a runed translucent gate.
 21501 | Lair:6   | Found a runed translucent gate.
 21503 | Lair:6   | Found a runed translucent gate.
 21504 | Lair:6   | Noticed Apogee's ghost (journeyman DrTm)
 21537 | Lair:6   | Killed Apogee's ghost
 21539 | Lair:6   | Received a gift from Okawaru
 21639 | Lair:6   | Found a viscous altar of Jiyva.
 21639 | Lair:6   | Found a staircase to the Slime Pits.
 22347 | Orc:1    | Entered Level 1 of the Orcish Mines
 22573 | Orc:2    | Entered Level 2 of the Orcish Mines
 22854 | Orc:2    | Reached skill level 1 in Stealth
 22854 | Orc:2    | Reached skill level 1 in Evocations
 22861 | Orc:2    | Reached XP level 15. HP: 144/147 MP: 13/23
 22922 | Orc:2    | Found Ygisoi's Antique Weapon Shoppe.
 22923 | Orc:2    | Found Suular's General Store.
 22934 | Orc:2    | Received a gift from Okawaru
 22940 | Orc:2    | Found Xicitry's General Store.
 22963 | Orc:2    | Bought a scroll of teleportation for 30 gold pieces
 23038 | Orc:2    | Found Efehibam's Antique Weapon Emporium.
 23237 | Orc:2    | Bought a scroll of magic mapping for 42 gold pieces
 23337 | Orc:2    | Found a staircase to the Elven Halls.
 23602 | Orc:2    | Bought a glowing double sword for 720 gold pieces
 23786 | Orc:2    | Got a glimmering leather armour
 23797 | Orc:2    | Identified the +0 leather armour of Uno Nigom {*Slow rF+
                  | Dex+10} (You found it on level 2 of the Orcish Mines)
 24094 | D:12     | Received a gift from Okawaru
 24751 | D:13     | Noticed Maurice
 24759 | D:13     | Killed Maurice
 24759 | D:13     | Reached skill level 5 in Shields
 24759 | D:13     | Reached skill level 5 in Evocations
 24762 | D:13     | Reached skill level 5 in Stealth
 24777 | D:13     | Identified the +3 leather armour "Nileunar" {Str+4} (You
                  | found it on level 13 of the Dungeon)
 24954 | D:13     | Found a runed translucent door.
 25226 | D:13     | Found a gate to the Vaults.
 25426 | D:13     | Noticed Snorg
 25438 | D:13     | Killed Snorg
 25778 | D:14     | Found a flickering gateway to a bazaar.
 25784 | Bazaar   | Entered a bazaar
 25801 | Bazaar   | Found Nuruap's Weapon Shoppe.
 25801 | Bazaar   | Found Qedwall's Magic Scroll Emporium.
 25805 | Bazaar   | Bought a scroll of fog for 24 gold pieces
 25822 | Bazaar   | Found Qushroir's Magic Scroll Shoppe.
 25826 | Bazaar   | Bought a scroll of fog for 22 gold pieces
 25826 | Bazaar   | Bought a scroll of magic mapping for 38 gold pieces
 25826 | Bazaar   | Bought a scroll of magic mapping for 38 gold pieces
 25826 | Bazaar   | Bought a scroll of enchant armour for 82 gold pieces
 25826 | Bazaar   | Bought 2 scrolls of enchant armour for 165 gold pieces
 25826 | Bazaar   | Bought a scroll of enchant armour for 82 gold pieces
 25826 | Bazaar   | Bought a scroll of magic mapping for 38 gold pieces
 25826 | Bazaar   | Bought a scroll of enchant weapon for 82 gold pieces
 25837 | Bazaar   | Found Jeidduxt's Gadget Shoppe.
 25837 | Bazaar   | Found Qukiufuh's Antique Armour Emporium.
 25902 | Bazaar   | Bought 5 atropa-tipped darts for 51 gold pieces
 25902 | Bazaar   | Bought 4 boomerangs of dispersal for 102 gold pieces
 25908 | Bazaar   | Bought a scroll of fear for 42 gold pieces
 25908 | Bazaar   | Bought a scroll of identify for 24 gold pieces
 25908 | Bazaar   | Bought a scroll of identify for 24 gold pieces
 25908 | Bazaar   | Bought a scroll of identify for 24 gold pieces
 25925 | Bazaar   | Bought a scroll of identify for 22 gold pieces
 26328 | D:14     | Received a gift from Okawaru
 26532 | D:14     | Received a gift from Okawaru
 26753 | D:14     | Reached XP level 16. HP: 127/155 MP: 20/24
 26977 | D:15     | Entered Level 15 of the Dungeon
 27365 | D:15     | Received a gift from Okawaru
 27585 | D:15     | Got a fine turquoise ring
 27592 | D:15     | Identified the ring "Gikeonif" {MR+ Int+2} (You found it on
                  | level 15 of the Dungeon)
 27727 | D:15     | Found a staircase to the Depths.
 27734 | D:15     | Received a gift from Okawaru
 28109 | Snake:1  | Entered Level 1 of the Snake Pit
 28275 | Snake:1  | Received a gift from Okawaru
 28420 | Snake:1  | Received a gift from Okawaru
 28998 | Snake:1  | Reached skill level 14 in Throwing
 30352 | Snake:2  | Reached skill level 10 in Shields
 30745 | Snake:2  | Received a gift from Okawaru
 31107 | Snake:2  | Found a runed translucent gate.
 31108 | Snake:2  | Found a runed translucent gate.
 31113 | Snake:2  | Found a runed translucent gate.
 31120 | Snake:2  | Found a hide-covered altar of Uskayaw.
 31695 | Snake:2  | Noticed Volyx Repu's ghost (journeyman MiFi)
 31696 | Snake:2  | Identified the cursed ring of the First Friends {+Blink
                  | EV-4 Dex+4}
 31999 | Snake:2  | Killed Volyx Repu's ghost
 32007 | Snake:2  | Reached XP level 17. HP: 111/166 MP: 13/25
 32727 | Snake:3  | Received a gift from Okawaru
 32729 | Snake:3  | Got a pair of masterwork boots {god gift}
 32735 | Snake:3  | Identified the +0 pair of boots of Integrity {rElec}
                  | (Okawaru gifted it to you on level 3 of the Snake Pit)
 33217 | Snake:3  | Found an opulent altar of Gozag.
 33217 | Snake:3  | Noticed Donald
 33241 | Snake:3  | Killed Donald
 33438 | Snake:3  | Noticed Aizul
 33450 | Snake:3  | Killed Aizul
 33717 | Snake:4  | Entered Level 4 of the Snake Pit
 34140 | Snake:4  | Received a gift from Okawaru
 34185 | Snake:4  | Identified the +1 scale mail of Duufyb {rF+ Int+2} (Okawaru
                  | gifted it to you on level 4 of the Snake Pit)
 34775 | Snake:4  | Got a scintillating lead amulet
 34780 | Snake:4  | Identified the amulet of Kunizim {Reflect MR+ SH+5} (You
                  | found it on level 4 of the Snake Pit)
 34813 | Snake:4  | Found Wuz Xuwk's Jewellery Shop.
 34878 | Snake:4  | Found Guixzuew's Distillery.
 34886 | Snake:4  | Bought a potion of might for 84 gold pieces
 34886 | Snake:4  | Bought a potion of mutation for 168 gold pieces
 34886 | Snake:4  | Bought a potion of curing for 63 gold pieces
 34886 | Snake:4  | Bought a potion of curing for 63 gold pieces
 34886 | Snake:4  | Bought a potion of might for 84 gold pieces
 34886 | Snake:4  | Bought a potion of heal wounds for 105 gold pieces
 34911 | Snake:4  | Reached skill level 15 in Throwing
 35271 | Snake:4  | Reached skill level 10 in Stealth
 35271 | Snake:4  | Reached skill level 10 in Evocations
 35293 | Snake:4  | Reached XP level 18. HP: 114/178 MP: 20/26
 35330 | Snake:4  | Reached skill level 15 in Fighting
 35591 | Snake:4  | Received a gift from Okawaru
 35604 | Snake:4  | Received a gift from Okawaru
 35649 | Snake:4  | Got a serpentine rune of Zot
 35952 | Shoals:1 | Entered Level 1 of the Shoals
 36008 | Shoals:1 | Reached skill level 1 in Dodging
 36107 | Shoals:1 | Found a runed translucent door.
 36388 | Shoals:1 | Reached skill level 5 in Dodging
 36407 | Shoals:1 | Noticed Imazafih's ghost (adept GrEE)
 36423 | Shoals:1 | Killed Imazafih's ghost
 36423 | Shoals:1 | Received a gift from Okawaru
 36513 | Shoals:1 | Identified a scroll of acquirement
 36558 | Shoals:1 | Acquired a manual of Stealth
 37324 | Shoals:2 | Noticed Frances
 37343 | Shoals:2 | Killed Frances
 37791 | Shoals:3 | Received a gift from Okawaru
 37791 | Shoals:3 | Reached skill level 10 in Dodging
 38497 | Shoals:4 | Entered Level 4 of the Shoals
 38571 | Shoals:4 | Identified the cursed +1 leather armour of the Clam {Int+4}
                  | (You found it on level 4 of the Shoals)
 38616 | Shoals:4 | Found Irhiush's Book Emporium.
 38945 | Shoals:4 | Noticed Bai Suzhen
 38968 | Shoals:4 | Killed Bai Suzhen
 38968 | Shoals:4 | Received a gift from Okawaru
 39028 | Shoals:4 | Reached XP level 19. HP: 54/187 MP: 21/27
 39306 | Shoals:4 | Got an ichor-stained plate armour
 39307 | Shoals:4 | Identified the +7 plate armour "Nitwuveg" {rF+ rC+ Str+4}
                  | (You found it on level 4 of the Shoals)
 39479 | Shoals:4 | Got a barnacled rune of Zot
 39958 | Shoals:4 | Identified the +17 plate armour of Submission {rElec rC-
                  | Regen+} (You found it on level 4 of the Shoals)
 39959 | Shoals:4 | holy shit
 40201 | Elf:1    | Entered Level 1 of the Elven Halls
 40586 | Elf:1    | You fall into a shaft and drop 1 floor!
 40682 | Elf:2    | Reached skill level 15 in Stealth
 40693 | Elf:2    | Received a gift from Okawaru
 40878 | Elf:2    | Found a runed translucent gate.
 40878 | Elf:2    | Found a runed translucent gate.
 40878 | Elf:2    | Found a runed translucent gate.
 41002 | Elf:2    | Found Goamn's General Store.
 41015 | Elf:2    | Reached skill level 10 in Armour
 41020 | Elf:2    | Reached skill level 15 in Dodging
 41028 | Elf:2    | Bought a potion of curing for 51 gold pieces
 41028 | Elf:2    | Found Xounyergh's Book Shop.
 41030 | Elf:2    | Found Byrgha's Jewellery Shop.
 41086 | Elf:1    | Noticed Azrael
 41106 | Elf:1    | Killed Azrael
 41856 | Elf:2    | Found Woghuad's Antique Armour Shop.
 41900 | Elf:2    | Found Voapener's Armour Emporium.
 42138 | Elf:3    | Entered Level 3 of the Elven Halls
 42198 | Elf:3    | Noticed Asterion
 42214 | Elf:3    | Killed Asterion
 42218 | Elf:3    | Received a gift from Okawaru
 42367 | Elf:3    | Reached XP level 20. HP: 156/198 MP: 28/28
 42423 | Elf:3    | Found a portal to a secret trove of treasure.
 42446 | Elf:3    | Received a gift from Okawaru
 42446 | Elf:3    | Reached skill level 16 in Throwing
 43073 | Elf:3    | Identified the +10 halberd "Lawuson" {pain, rPois Dex+4
                  | Stlth+}
 43076 | Elf:3    | Received a gift from Okawaru
 43102 | Elf:3    | Received a gift from Okawaru
 43108 | Elf:3    | Identified the +6 dagger "Guegeph" {elec, rPois}
 43111 | Elf:3    | Identified the +4 ring mail of Defence {Dex+2}
 43151 | Elf:3    | Received a gift from Okawaru
 43278 | Elf:3    | Identified the +1 acid dragon scales "Fiodeam" {+Fly rF+
                  | rCorr Str-2}
 43377 | Elf:3    | Found the +0 sword of Power
 43466 | Elf:3    | Identified the +1 leather armour of Fallacy {rF+ rCorr
                  | Int+4} (You found it on level 3 of the Elven Halls)
 43469 | Elf:3    | Identified the +0 leather armour of the Shore {-Tele rPois
                  | Str+3 Dex+2} (You found it on level 3 of the Elven Halls)
 43520 | Elf:3    | Found the +2 hat of the Bear Spirit {Spirit, +Rage rN+
                  | MR++}
 43775 | Elf:3    | Reached skill level 17 in Throwing
 43781 | Elf:3    | Received a gift from Okawaru
 44340 | Vaults:1 | Entered Level 1 of the Vaults
 44410 | Vaults:1 | Received a gift from Okawaru
 44446 | Vaults:1 | Found Loroag's Weapon Shoppe.
 44558 | Vaults:1 | Found a ruined gateway.
 44567 | Desolati | Entered the Desolation of Salt
 44705 | Desolati | Identified the cursed +1 chain mail of Fedhas's Envy
                  | {Rampage rPois rF- Int+8} (You found it in the Desolation
                  | of Salt)
 44729 | Desolati | Got a steaming marble ring
 44730 | Desolati | Identified the ring "Waohyucai" {Str+6 Int+3} (You found it
                  | in the Desolation of Salt)
 44733 | Desolati | Got a vibrating glass ring
 44734 | Desolati | Identified the ring "Jaohoq" {rElec rF+ EV+4 Int+2 Stlth+}
                  | (You found it in the Desolation of Salt)
 44833 | Desolati | Received a gift from Okawaru
 44919 | Desolati | Reached XP level 21. HP: 202/210 MP: 26/29
 44940 | Desolati | Identified the Collected Works on the Freezing Rocks
 45115 | Desolati | Received a gift from Okawaru
 45123 | Desolati | Reached skill level 18 in Throwing
 45166 | Desolati | Received a gift from Okawaru
 45288 | Desolati | Identified the Compendium of Translocation
 45296 | Desolati | Identified the Handbook of Summoning and Malediction
 45678 | Vaults:1 | Reached skill level 19 in Throwing
 46102 | Vaults:1 | Reached skill level 20 in Throwing
 46208 | Vaults:1 | Identified Xinkuin's Reference Book on Earthen Flames
 46239 | Vaults:1 | You fall into a shaft and drop 1 floor!
 46465 | Vaults:2 | Found a staircase to the Crypt.
 46465 | Vaults:2 | Found an ancient bone altar of Kikubaaqudgha.
 46466 | Vaults:2 | Found a basalt altar of Yredelemnul.
 46568 | Vaults:2 | Reached skill level 21 in Throwing
 47354 | Vaults:1 | Received a gift from Okawaru
 47432 | Vaults:1 | You fall into a shaft and drop 1 floor!
 47694 | Vaults:2 | Received a gift from Okawaru
 48496 | Vaults:3 | Reached skill level 22 in Throwing
 48509 | Vaults:3 | Reached XP level 22. HP: 218/218 MP: 30/30
 48988 | Vaults:3 | Received a gift from Okawaru
 49914 | Vaults:4 | Received a gift from Okawaru
 50002 | Vaults:4 | Reached skill level 23 in Throwing
 50071 | Vaults:4 | Received a gift from Okawaru
 50398 | Vaults:4 | Noticed Saint Roka
 50431 | Vaults:4 | Killed Saint Roka
 50943 | Vaults:4 | Received a gift from Okawaru
 51410 | Vaults:5 | Entered Level 5 of the Vaults
 51502 | Vaults:4 | You fall into a shaft and drop 1 floor!
 51540 | Vaults:5 | Reached skill level 24 in Throwing
 51672 | Vaults:5 | Noticed a golden dragon
 51678 | Vaults:5 | Killed a golden dragon
 51705 | Vaults:5 | Reached XP level 23. HP: 161/223 MP: 31/31
 51806 | Vaults:5 | Received a gift from Okawaru
 51814 | Vaults:5 | Identified the +7 long sword of Kunekhur {drain, *Slow
                  | rElec Str+3 Int+8}
 51919 | Vaults:5 | Reached skill level 25 in Throwing
 52255 | Vaults:5 | Noticed a caustic shrike
 52264 | Vaults:5 | Killed a caustic shrike
 52439 | Vaults:5 | Identified the ring "Ethriyto" {rPois EV+4 Int+3}
 52635 | Vaults:5 | Received a gift from Okawaru
 52897 | Vaults:5 | Reached skill level 26 in Throwing
 53036 | Vaults:5 | Identified the Volume of the Mountains and Creation
 53408 | Vaults:5 | Got a silver rune of Zot
 53654 | Vaults:5 | Identified the cursed +1 scale mail of Grottiness {+Fly
                  | rC+++ Str+5 Dex-5} (You found it on level 5 of the Vaults)
 53662 | Vaults:5 | Upgraded the game from 0.26-a0-651-gb41185065b to
                  | 0.27-a0-328-g7f782ed93a
 53662 | Vaults:5 | Quit the game

Illustrated notes

..█....≈≈≈≈≈≈≈≈≈≈≈....≈≈≈≈≈≈≈≈≈≈
≈......≈≈≈≈≈≈≈≈≈)......≈≈≈≈≈≈≈≈≈
≈≈..≈≈≈≈≈≈≈≈≈≈≈≈........≈≈≈≈≈≈≈≈
≈≈≈≈≈≈≈≈≈≈≈≈≈≈≈≈........≈≈≈≈≈≈≈≈
≈≈≈≈≈≈≈≈≈≈≈≈≈≈≈≈≈...<^..≈≈≈≈≈≈≈≈
≈≈≈≈≈≈≈≈≈≈≈≈≈≈≈███████...≈≈≈≈≈≈≈≈
≈≈≈≈≈≈≈≈≈≈≈≈≈≈██≈≈≈≈≈██..≈≈≈≈≈≈≈≈
≈≈≈≈≈≈≈≈≈≈≈≈≈██≈█≈...≈██≈≈≈≈≈≈≈≈≈
≈≈≈≈≈≈≈≈≈≈≈≈≈█≈█@≈≈≈..≈█.≈≈≈≈≈≈≈≈
≈≈≈≈≈≈≈≈≈≈≈≈ █≈.≈≈≈≈█..█.≈≈≈≈≈≈≈≈
≈≈≈≈≈≈≈≈≈≈≈≈ █≈.≈≈██≈..█.≈≈≈≈≈≈≈≈
≈≈≈≈≈≈≈≈≈≈≈≈ █≈.≈≈█≈≈█.█..≈≈≈≈≈≈≈
≈≈≈≈≈ █≈.≈█≈≈≈..█.)≈≈≈≈≈≈≈ ≈≈≈≈≈
██≈≈≈≈█≈.█.)≈≈≈≈≈≈≈≈ ≈≈≈≈≈
██≈≈≈≈≈█)÷.≈≈≈≈≈≈≈≈ ≈≈≈≈≈
██████≈≈≈≈≈≈≈≈≈≈≈≈ ≈≈≈≈
≈≈≈≈≈≈≈≈≈≈≈≈≈≈≈≈≈≈≈


Turn 39959 on Shoals:4: holy shit

Levels and vault maps discovered:
D:1:      sevenhm_arrival_forest_fort_small_6, layout_basic
D:2:      layout_rooms, minmay_misc_feat_pillars
D:3:      layout_basic, chequers_temple_overflow_minitemple,
          chequers_ecumenical_altar_simple_redux, minmay_hedge_maze,
          serial_bayou_lagoon_b
D:4:      layout_basic, hangedman_decor_peaks_small, st_stairs_3
D:5:      layout_basic, saegor_snake_ambush, uniq_duvessa, uniq_prince_ribbit1
D:6:      layout_basic, minmay_temple_entry_statues_pillars, serial_shops,
          nicolae_shop_trees, ebering_ghost_reflecting_pool, st_stairs_11,
          uniq_eustachio
D:7:      layout_basic, grunt_gozag_statues, uniq_joseph
D:8:      layout_basic
D:9:      hangedman_cross_cluster, layout_grid_maze, cheibrodos_worm_habitat,
          nicolae_qazlal_style_of_elements, uniq_gastronok
D:10:     layout_loops_ring, serial_shops, shop_fountains
D:11:     layout_loops_ring, lair_entry_dummy, david_orc_3, basic_altar
D:12:     layout_loops_ring
D:13:     layout_cross, david_vaults_5, kennysheep_treasure_room, uniq_snorg,
          uniq_maurice
D:14:     layout_cave_pools, serial_shops, bzr_entry_safe,
          hangedman_decor_growths
D:15:     hangedman_depths_entry_try_elsewhere_first, layout_irregular_city,
          minmay_misc_feat_square
Temple:   nicolae_temple_no_exploring_needed
Lair:1:   layout_cave_shapes, cheibrodos_lair_caveside_slide, minivault_24,
          serial_bayou_shore_b
Lair:2:   layout_big_grid, minmay_shoals_entry_hut,
          minmay_snake_entry_six_corridors, beast_lair_carwin_1
Lair:3:   layout_loops_ring, portal_ice_cave_rime
Lair:4:   layout_gridlike, infiniplex_staircase_pool, lemuel_fruit_tree
Lair:5:   layout_cave_pods, gauntlet_entry_generic, basic_altar, st_stairs_5,
          nicolae_quartered_pool_super, minmay_lair_oklob_bushes
Lair:6:   evilmike_catoblepas_cave, layout_gridlike, slime_altar_1,
          gammafunk_ghost_split, st_stairs_10, guppyfry_lair_drakes
Shoals:1: layout_shoals, ebering_ghost_inner_flame,
          nicolae_shoals_this_corrosion
Shoals:2: layout_shoals, uniq_frances
Shoals:3: layout_shoals, nicolae_shoals_wave_tunnel
Shoals:4: shoals_end_hangedman, layout_shoals, serial_shops, shop,
          nicolae_shoals_seven_spires, uniq_bai_suzhen
Snake:1:  layout_gridlike, serial_corexii_hall, corexii_hall_statues_deadend,
          corexii_hall_statues_s, hangedman_snake_corridor_cut
Snake:2:  layout_gridlike, basic_altar, gammafunk_ghost_split,
          grunt_megastairs_3
Snake:3:  layout_misc_corridors, basic_altar, drop_trap, uniq_aizul, uniq_donald
Snake:4:  snake_pit_salamanders_mu, layout_onion_interference,
          minmay_shop_enchanted_jewellery, minmay_shop_star,
          serial_bayou_shore_a
Orc:1:    layout_diamond_mine
Orc:2:    st_orc_open, layout_caves, nooodl_orcs_dogs
Elf:1:    elf_arrival_001, layout_loops_cross, hangedman_elf_disciples,
          uniq_azrael
Elf:2:    layout_rooms, serial_shops, nicolae_shop_behind_doors, shop, shop,
          shop, shop, nicolae_elf_glass_and_crystal_pillar_2,
          lemuel_flamethrower_hall
Elf:3:    minmay_elf_hall_spiked, layout_gridlike, enter_trove_5, uniq_asterion
Vaults:1: dpeg_vaults_monster_row, nicolae_vaults_circle_grid_b,
          vaults_room_pool, ontoclasm_vaults_loading_screen,
          vaults_room_stairs_pillars, v_misc_22, ontoclasm_vaults_hangar,
          vaults_room_pool, nicolae_vaults_triangles, dpeg_vaults_monster_box,
          vaults_room_door_ring, layout_vaults_omnicross, serial_shops, shop,
          portal_desolation_entry_nicolae_slug
Vaults:2: minmay_crypt_entry_necro_gods, nicolae_vaults_inception_statues,
          ontoclasm_vaults_gateway, nicolae_vaults_windows_and_doors_thing,
          grunt_vaults_funnel, vaults_room_fours, v_misc_19,
          nicolae_vaults_little_squares_4, vaults_room_hallway,
          nicolae_vaults_network_quinsquares
          [nicolae_vaults_network_quincunx_subvault,
          nicolae_vaults_network_quincunx_subvault,
          nicolae_vaults_network_quincunx_subvault,
          nicolae_vaults_network_quincunx_subvault], st_cells,
          nicolae_vaults_little_squares_1, v_pattern_3, vaults_room_pools,
          layout_vaults_chaotic_city
Vaults:3: hangedman_vaults_corner, hangedman_vaults_maws, vaults_room_grid,
          vaults_dpeg_cross, nicolae_vaults_network_s, ontoclasm_vaults_idyll,
          v_misc_30, ontoclasm_vaults_claustrophobia,
          ontoclasm_vaults_ring_square, hangedman_vaults_impose,
          nicolae_vaults_disjoint_gnomons, hangedman_vaults_slice,
          vaults_room_pool, nicolae_vaults_asterisk, layout_vaults_maze
Vaults:4: ontoclasm_vaults_spin, nicolae_vaults_rhombus_6, v_misc_3, v_misc_28,
          vaults_room_pool, ontoclasm_vaults_misaligned,
          nicolae_vaults_diagonal_hallway_7, vaults_mumra_minichess,
          vaults_room_pools, layout_vaults_omnigrid, uniq_saint_roka
Vaults:5: serial_shops

Skill      XL: |  1  2  3  4  5  6  7  8  9 10 11 12 13 14 15 16 17 18 19 20 21 22 23 |
---------------+----------------------------------------------------------------------+-----
Long Blades    | 3 4 5 6 7 9 11 13 14 15 16 | 16.5
Fighting       | 5 7 9 10 12 13 14 15 16 17 | 17.2
Throwing       | 3 5 7 10 12 13 14 15 17 22 24 26 | 26.0
Armour         | 5 7 9 11 12 13 | 13.1
Invocations    | 3 5 7 10 12 | 12.3
Shields        | 4 7 10 12 14 | 14.2
Stealth        | 1 6 8 10 13 15 | 15.2
Evocations     | 1 6 8 10 | 10.4
Dodging        | 12 15 | 15.0

Action                   |  1- 3 |  4- 6 |  7- 9 | 10-12 | 13-15 | 16-18 | 19-21 | 22-24 || total
-------------------------+-------+-------+-------+-------+-------+-------+-------+-------++-------
Melee: Long sword        |    52 |    82 |   361 |   780 |   169 |       |       |       ||  1444
       Headbutt          |     9 |    16 |    64 |   197 |   247 |   239 |   420 |   214 ||  1406
       Kick              |       |       |       |   297 |   391 |   103 |       |       ||   791
       Great sword       |       |       |       |       |   233 |       |       |       ||   233
       Quick blade       |       |       |       |       |   111 |    13 |       |       ||   124
       Double sword      |       |       |       |       |   236 |   841 |  1364 |   773 ||  3214
Throw: Javelin           |     4 |     5 |     6 |     6 |    27 |    72 |    60 |   130 ||   310
       Dart              |       |       |    14 |     2 |     3 |     8 |       |       ||    27
       Throwing net      |       |       |     1 |       |       |       |       |       ||     1
       Boomerang         |       |       |       |    31 |   294 |   758 |   433 |   183 ||  1699
Invok: Heroism           |       |       |       |    10 |     9 |     8 |     3 |     6 ||    36
       Finesse           |       |       |       |       |     9 |    18 |     7 |     8 ||    42
 Abil: Evoke Invisibilit |       |       |       |       |     7 |     2 |       |       ||     9
Evoke: Wand              |       |       |       |    42 |    49 |       |       |       ||    91
       Tin of tremorston |       |       |       |     3 |     2 |       |       |       ||     5
       Phantom mirror    |       |       |       |     1 |     2 |     2 |     1 |       ||     6
  Use: Scroll            |     2 |     6 |     7 |     8 |    18 |     6 |    14 |     4 ||    65
       Potion            |       |       |     5 |     4 |       |     5 |     2 |     2 ||    18
 Stab: Invisible         |       |       |       |     2 |    15 |     4 |       |       ||    21
       Paralysed         |       |       |       |     1 |     1 |       |       |       ||     2
       Sleeping          |       |       |       |       |     4 |    15 |     3 |     3 ||    25
       Distracted        |       |       |       |       |     1 |     1 |     2 |     1 ||     5
Armor: Scale mail        |    26 |    28 |    15 |       |       |       |       |       ||    69
       Plate armour      |       |       |   140 |   354 |    12 |       |   331 |   198 ||  1035
       Ring mail         |       |       |       |       |   202 |   136 |     5 |       ||   343
Dodge: Dodged            |    14 |    28 |    38 |   201 |   301 |   254 |   372 |   230 ||  1438
Block: Kite shield       |    38 |    37 |   150 |   381 |    79 |   566 |  1046 |   603 ||  2900
       Buckler           |       |       |       |       |    74 |    16 |       |       ||    90
       Reflection        |       |       |       |       |       |    41 |   113 |    88 ||   242
       Rpst.: Long sword |     3 |    10 |     6 |    47 |     9 |       |       |       ||    75
       Great sword       |       |       |       |       |    32 |       |       |       ||    32
       Double sword      |       |       |       |       |    28 |    47 |    81 |    42 ||   198

Table legend: (Time is in decaauts)
 A = Elapsed time spent in this place.
 B = Non-inter-level travel time spent in this place.
 C = Inter-level travel time spent in this place.
 D = Time resting spent in this place.
 E = Time spent auto-exploring this place.
 F = Levels seen in this place.
 G = Mean time per level.
                   A        B        C        D        E       F      G
               +--------+--------+--------+--------+--------+-----+--------+
         Total |  51688 |  48862 |   2826 |    939 |  38005 |  44 | 1174.7 |
       Dungeon |  16340 |  15390 |    950 |    288 |  12619 |  15 | 1089.3 |
        Temple |     14 |      2 |     12 |      0 |      0 |   1 |   14.0 |
          Lair |   7140 |   6657 |    483 |    164 |   5395 |   6 | 1190.0 |
        Shoals |   4150 |   3906 |    244 |     16 |   2749 |   4 | 1037.5 |
     Snake Pit |   7387 |   7204 |    183 |     93 |   6055 |   4 | 1846.8 |
  Orcish Mines |   1542 |   1300 |    242 |      0 |   1042 |   2 |  771.0 |
   Elven Halls |   3701 |   3412 |    289 |    160 |   2307 |   3 | 1233.7 |
        Vaults |   7651 |   7230 |    421 |     15 |   5317 |   5 | 1530.2 |
        Bazaar |    169 |    169 |      0 |      0 |     78 |   1 |  169.0 |
      Ice Cave |   2258 |   2258 |      0 |    148 |   1709 |   1 | 2258.0 |
    Desolation |    959 |    959 |      0 |      0 |    595 |   1 |  959.0 |
      Gauntlet |    372 |    372 |      0 |     53 |    136 |   1 |  372.0 |
               +--------+--------+--------+--------+--------+-----+--------+

Top non-repeatable levels by time:
   IceCv: 2258 daAuts
 Snake:1: 2081 daAuts
 Snake:2: 1933 daAuts
Vaults:5: 1902 daAuts
 Snake:3: 1801 daAuts
  Lair:2: 1746 daAuts
     D:9: 1700 daAuts
   Elf:3: 1654 daAuts
     D:4: 1604 daAuts
 Snake:4: 1570 daAuts
Vaults:4: 1558 daAuts
Vaults:2: 1523 daAuts
     D:8: 1518 daAuts
  Lair:6: 1484 daAuts
  Lair:5: 1464 daAuts
